[Event "Titled Tuesday Blitz March 28 Early 2023"]
[White "Sousa, Andre Ventura"]
[Black "Kadam, Om Manish"]
[WhiteFideId "1917617"]
[BlackFideId "45076294"]
[WhiteElo "2348"]
[BlackElo "2221"]
[Result "1/2-1/2"]
[Round "07"]
[TimeControl "180+2"]
[Date "2023.03.28"]
[WhiteClock "0:00:12"]
[BlackClock "0:00:23"]

1. d4 Nf6 2. Nf3 e6 3. Bf4 c5 4. e3 b6 5. Nc3 a6 6. dxc5 Bxc5 7. Bd6 Nc6 8. Be2 Bb7 9. Na4 Bxd6 10. Qxd6 Ne4 11. Qf4 d5 12. h4 Nb4 13. O-O b5 14. Nc3 Nxc3 15. bxc3 Nxc2 16. Rad1 Qf6 17. Qc7 Qe7 18. Qa5 O-O 19. a4 Rfc8 20. Bd3 Na3 21. axb5 axb5 22. Qb6 Rxc3 23. Qd4 Qc5 24. Qf4 Ra4 25. Bxh7+ Kxh7 26. Ng5+ Kh8 27. Qxf7 Qc8 28. Nxe6 Qg8 29. Qh5+ Qh7 30. Qe8+ Qg8 31. Qh5+ Qh7 32. Qe8+ Qg8 33. Qh5+ 1/2-1/2


[Site "https://www.chess.com"]

[Event "Titled Tuesday Blitz March 28 Early 2023"]
[White "Kucuksari, Kaan"]
[Black "Liu, Casper"]
[WhiteFideId "6380166"]
[BlackFideId "1454153"]
[WhiteElo "2364"]
[BlackElo "2221"]
[Result "0-1"]
[Round "07"]
[TimeControl "180+2"]
[Date "2023.03.28"]
[WhiteClock "0:00:04"]
[BlackClock "0:00:06"]

1. d4 d5 2. Nf3 Nf6 3. Bf4 Bf5 4. c4 e6 5. e3 Bxb1 6. Qxb1 Bb4+ 7. Kd1 Ne4 8. Bg3 O-O 9. Bd3 f5 10. Ke2 c5 11. cxd5 exd5 12. dxc5 Nd7 13. Rd1 Ndxc5 14. Bc4 dxc4 15. Rxd8 Raxd8 16. Qc2 b5 17. Nd4 f4 18. Bxf4 Rxf4 19. exf4 Rxd4 20. Rd1 Nd3 21. Kf3 h5 22. Qe2 Kf7 23. g3 Nexf2 24. Rf1 Re4 25. Qc2 Bc5 26. Kg2 g6 27. h3 Ne1+ 28. Rxe1 Rxe1 29. Qd2 Nd3 30. Qa5 Re2+ 31. Kf3 Re3+ 32. Kg2 Re2+ 33. Kf3 Rf2+ 34. Ke4 Rxb2 35. Qc7+ Be7 36. Qxa7 Re2+ 37. Kd5 c3 38. Kd4 c2 39. Kxd3 c1=Q 40. Kxe2 Qc2+ 41. Kf3 Qd3+ 42. Kg2 Qe2+ 43. Kh1 Qd1+ 44. Kg2 Qc2+ 45. Kh1 Qc6+ 46. Kh2 b4 47. Qf2 Qc4 48. Qd2 Kg7 49. h4 Bf6 50. Qd7+ Kh6 51. Qd6 Qxa2+ 52. Kh3 Qb2 53. f5 gxf5 54. Qf8+ Bg7 55. Qxf5 Qf6 56. Qb5 Qe6+ 57. Kg2 Bc3 58. Qg5+ Kh7 59. Qxh5+ Kg7 60. Qg5+ Qg6 61. Qe7+ Kh6 62. Kh3 Qf5+ 63. Kg2 Qd5+ 64. Kh3 Qf5+ 65. Kh2 Qc2+ 66. Kh3 b3 67. Qg5+ Kh7 68. Qh5+ Kg8 69. Qe8+ Kg7 70. Qe7+ Kg6 71. Qe6+ Bf6 72. Qg8+ Bg7 73. Qe6+ Kh7 74. h5 b2 75. h6 b1=Q 76. hxg7 Qf5+ 77. Qxf5+ Qxf5+ 0-1


[Site "https://www.chess.com"]

[Event "Titled Tuesday Blitz March 28 Early 2023"]
[White "Saya, Ethan"]
[Black "Belozerov, Andrei"]
[WhiteFideId "26095181"]
[BlackFideId "4120213"]
[WhiteElo "2150"]
[BlackElo "2360"]
[Result "0-1"]
[Round "07"]
[TimeControl "180+2"]
[Date "2023.03.28"]
[WhiteClock "0:00:43"]
[BlackClock "0:01:38"]

1. d4 d5 2. c4 e6 3. Nf3 Nf6 4. g3 dxc4 5. Bg2 Be7 6. O-O O-O 7. Qc2 a6 8. a4 Bd7 9. Bg5 Bc6 10. Qxc4 Nbd7 11. Nc3 h6 12. Bxf6 Nxf6 13. e4 Bxe4 14. Nxe4 Nxe4 15. Rad1 c6 16. Ne5 Nd6 17. Qb3 a5 18. Rfe1 Ra6 19. Nc4 Nxc4 20. Qxc4 Rb6 21. b3 Rb4 22. Qc3 Bf6 23. Re4 Qb6 24. Rd3 Rd8 25. Qc5 Qxc5 26. dxc5 Rxd3 0-1


[Site "https://www.chess.com"]

[Event "Titled Tuesday Blitz March 28 Early 2023"]
[White "Vivas Zamora, Fabian Ernesto"]
[Black "Orlov, Georgi"]
[WhiteFideId "3902480"]
[BlackFideId "2011271"]
[WhiteElo "2262"]
[BlackElo "2584"]
[Result "1/2-1/2"]
[Round "07"]
[TimeControl "180+2"]
[Date "2023.03.28"]
[WhiteClock "0:00:05"]
[BlackClock "0:00:03"]

1. e4 d6 2. d4 Nf6 3. Nc3 c6 4. f4 g6 5. Nf3 Bg7 6. Bd3 O-O 7. O-O Na6 8. e5 Nd5 9. Nxd5 cxd5 10. c3 Nc7 11. Qe1 b6 12. Qh4 f5 13. Re1 e6 14. Qxd8 Rxd8 15. exd6 Rxd6 16. a4 Ba6 17. Bc2 Rc8 18. Be3 Ne8 19. a5 b5 20. Bd3 Nf6 21. Bf2 Ne4 22. Bh4 Rd7 23. Bxe4 fxe4 24. Ne5 Rb7 25. Rac1 Rbc7 26. Re3 b4 27. Be1 Bf8 28. Rd1 bxc3 29. Rxc3 Rxc3 30. Bxc3 Bb5 31. Kf2 Be7 32. Ke3 Ba4 33. Rc1 Bb3 34. g4 Bd8 35. a6 Ba4 36. Bd2 Rxc1 37. Bxc1 Bb5 38. Bd2 Bxa6 39. Nc6 Bb6 40. Ba5 Bb7 41. Bxb6 axb6 42. Nd8 Bc8 43. Nc6 Bd7 44. Ne5 Be8 45. g5 Kf8 46. Ng4 Kg7 47. h4 Bb5 48. Kd2 Bc4 49. Kc3 Be2 50. Ne3 Kf7 51. Kd2 Bf3 52. Nc2 Bg2 53. Ke3 Bf1 54. Nb4 Ke8 55. Nc6 Bb5 56. Ne5 Ke7 57. Ng4 Ba4 58. Ne5 Bb5 59. Ng4 Ba4 60. Nf6 h5 61. Nh7 Kf7 62. Nf6 Ke7 63. Nh7 Kf7 64. Nf6 Ke7 1/2-1/2


[Site "https://www.chess.com"]

[Event "Titled Tuesday Blitz March 28 Early 2023"]
[White "Kashtanov, Ruslan"]
[Black "Demin, Vladimir"]
[WhiteFideId "4124871"]
[BlackFideId "4167457"]
[WhiteElo "2276"]
[BlackElo "2582"]
[Result "1-0"]
[Round "07"]
[TimeControl "180+2"]
[Date "2023.03.28"]
[WhiteClock "0:00:35"]
[BlackClock "0:00:38"]

1. e4 e5 2. Nf3 Nc6 3. d4 exd4 4. Bc4 Nf6 5. e5 d5 6. Bb5 Nd7 7. O-O Be7 8. Bxc6 bxc6 9. Nxd4 Nb8 10. Nc3 O-O 11. Re1 c5 12. Ndb5 a6 13. Qxd5 axb5 14. Qxa8 Bd7 15. Qd5 Qc8 16. a4 b4 17. Ne4 Bc6 18. Qc4 Nd7 19. e6 Ne5 20. exf7+ Rxf7 21. Qe2 Qf5 22. Ng3 Nf3+ 23. Qxf3 Qxc2 24. Qe2 1-0


[Site "https://www.chess.com"]

[Event "Titled Tuesday Blitz March 28 Early 2023"]
[White "Janaszak, Dawid"]
[Black "Begunov, Konstantin"]
[WhiteFideId "1119206"]
[BlackFideId "4118510"]
[WhiteElo "2220"]
[BlackElo "2079"]
[Result "1-0"]
[Round "07"]
[TimeControl "180+2"]
[Date "2023.03.28"]
[WhiteClock "0:01:12"]
[BlackClock "0:00:06"]

1. Nf3 d5 2. e3 c6 3. c4 Nf6 4. b3 Bg4 5. Bb2 Nbd7 6. h3 Bh5 7. Be2 e6 8. Qc2 Bg6 9. d3 Bb4+ 10. Nbd2 Qe7 11. a3 Bd6 12. Nh4 Be5 13. Nxg6 hxg6 14. d4 Bd6 15. e4 dxe4 16. Nxe4 Nxe4 17. Qxe4 Nf6 18. Qe3 Rd8 19. O-O Bc7 20. Bf3 Qd6 21. Qe5 Qd7 22. Qg5 Qd6 23. g3 Rxh3 24. Kg2 Rh8 25. Rh1 Kd7 26. d5 exd5 27. cxd5 Nxd5 28. Rxh8 Rxh8 29. Bxg7 Re8 30. b4 Kc8 31. b5 Qc5 32. Qg4+ Kb8 33. bxc6 bxc6 34. Rb1+ Ka8 35. Qd7 Rd8 36. Qxf7 Bb6 37. Rb2 g5 38. Qg6 Kb7 39. a4 Ka6 40. Be2+ Kb7 41. Qf7+ Ka8 42. Bf3 Qc1 43. a5 1-0


[Site "https://www.chess.com"]

[Event "Titled Tuesday Blitz March 28 Early 2023"]
[White "Kuzmin, Roman"]
[Black "Tarasova, Viktoriya"]
[WhiteFideId "44134932"]
[BlackFideId "4175840"]
[WhiteElo "2146"]
[BlackElo "2182"]
[Result "1-0"]
[Round "07"]
[TimeControl "180+2"]
[Date "2023.03.28"]
[WhiteClock "0:01:35"]
[BlackClock "0:02:18"]

1. e4 e5 2. Nf3 Nc6 3. Bb5 Nf6 4. d3 Bc5 5. Bxc6 dxc6 6. Nbd2 Nd7 7. Nc4 Bd6 8. Bd2 O-O 9. Bc3 f6 10. O-O c5 11. Nh4 Re8 12. f4 exf4 13. Nxd6 cxd6 14. Rxf4 Nf8 15. Rf2 Be6 16. Qf3 b5 17. b3 a5 18. Qg3 Kh8 19. Raf1 Nd7 20. Qxd6 a4 21. Nf5 Bxf5 22. Rxf5 axb3 23. axb3 Rc8 24. Rd5 Ne5 25. Bxe5 fxe5 26. Qxd8 Rcxd8 27. Rxc5 1-0


[Site "https://www.chess.com"]

[Event "Titled Tuesday Blitz March 28 Early 2023"]
[White "Escanor89"]
[Black "Toktomushev, Teimur"]
[BlackFideId "14176726"]
[WhiteElo "2510"]
[BlackElo "2116"]
[Result "1-0"]
[Round "07"]
[TimeControl "180+2"]
[Date "2023.03.28"]
[WhiteClock "0:00:38"]
[BlackClock "0:00:05"]

1. e4 c5 2. Nf3 e6 3. g3 Nc6 4. Bg2 d5 5. exd5 exd5 6. O-O Nf6 7. d4 Be7 8. dxc5 O-O 9. Nbd2 Bxc5 10. Nb3 Bb6 11. c3 h6 12. Re1 Bg4 13. Be3 Re8 14. Nbd4 Nxd4 15. Bxd4 Rxe1+ 16. Qxe1 Bxf3 17. Bxf3 Bxd4 18. cxd4 Rc8 19. Rc1 h5 20. h4 Rxc1 21. Qxc1 g6 22. Qc5 Qb6 23. b4 Qxc5 24. dxc5 Kf8 25. Kf1 Ke7 26. Ke2 Kd7 27. Kd3 Kc6 28. Kd4 b6 29. cxb6 axb6 30. a4 Kd6 31. a5 bxa5 32. bxa5 Kc6 33. a6 Kb6 34. Bxd5 Kxa6 35. Bxf7 Ng4 36. Bxg6 Nxf2 37. Bxh5 Kb6 38. Ke3 Nh1 39. g4 Kc6 40. Kf3 Kd6 41. Kg2 Ke5 42. Kxh1 Kf6 43. Kg2 Kg7 1-0


[Site "https://www.chess.com"]

[Event "Titled Tuesday Blitz March 28 Early 2023"]
[White "Estrada Nieto, Julian"]
[Black "Balague Camps, Marc"]
[WhiteFideId "5101018"]
[BlackFideId "2297914"]
[WhiteElo "2176"]
[BlackElo "2089"]
[Result "1/2-1/2"]
[Round "07"]
[TimeControl "180+2"]
[Date "2023.03.28"]
[WhiteClock "0:00:05"]
[BlackClock "0:00:54"]

1. e4 c5 2. Nf3 e6 3. c3 Nf6 4. e5 Nd5 5. Bc4 d6 6. d4 cxd4 7. cxd4 Be7 8. O-O O-O 9. Qe2 b6 10. Bd2 Nc6 11. Nc3 Ndb4 12. d5 Nxe5 13. Nxe5 dxe5 14. dxe6 f6 15. Rad1 Kh8 16. Be3 Qc7 17. Nd5 Nxd5 18. Bxd5 Rb8 19. Rc1 Qd6 20. Rfd1 Bxe6 21. Rc6 Qxd5 22. Rxd5 Bxd5 23. Rc7 Bc5 24. Bxc5 bxc5 25. Rxc5 Bxa2 26. Ra5 Rfc8 27. h3 Bc4 28. Qe3 a6 29. Qd2 Bb5 30. Ra3 Rd8 31. Qe3 h6 32. Rc3 Rb7 33. Kh2 Rbd7 34. b4 Re7 35. Qc5 Red7 36. Qb6 Kh7 37. h4 Rd4 38. Kg3 Rxb4 39. Qxd8 Re4 40. Qd2 h5 41. f3 Re2 42. Qd5 Be8 43. Qb7 Bg6 44. Qb8 Kh6 45. Rc8 Bh7 46. Rh8 f5 47. Rxh7+ Kxh7 48. Qd6 f4+ 49. Kh3 Re3 50. Qd5 Kg6 51. Qa5 Kh7 52. Kh2 Kg6 53. Qxa6+ Kf5 54. Qb7 Kf6 55. Qc6+ Kf5 56. Qd5 Kf6 57. Qd6+ Kf5 58. Kg1 Re1+ 59. Kf2 Re3 60. Qd5 Kf6 61. Qd2 Kf5 62. Qd7+ Kf6 63. Qe8 g6 64. Qh8+ Kf7 65. Qh7+ Kf6 66. Qh6 Kf7 67. Qg5 Kg7 68. g3 e4 69. fxe4 Rxg3 70. Qxg3 fxg3+ 71. Kxg3 Kf7 72. Kf4 Kf6 73. e5+ Ke6 74. Kg5 Kxe5 75. Kxg6 Ke6 76. Kxh5 Kf5 77. Kh6 Kf6 78. h5 Kf7 79. Kh7 Kf8 80. h6 Kf7 81. Kh8 Kf8 82. h7 Kf7 1/2-1/2


[Site "https://www.chess.com"]

[Event "Titled Tuesday Blitz March 28 Early 2023"]
[White "Bruedigam, Martin"]
[Black "drdaro"]
[WhiteFideId "24608033"]
[WhiteElo "2331"]
[BlackElo "2404"]
[Result "1-0"]
[Round "07"]
[TimeControl "180+2"]
[Date "2023.03.28"]
[WhiteClock "0:00:29"]
[BlackClock "0:00:38"]

1. d4 g6 2. c4 Bg7 3. Nc3 c5 4. d5 e6 5. e4 d6 6. Nf3 e5 7. Bd3 Ne7 8. Nd2 O-O 9. Nf1 a6 10. f3 f5 11. Be3 Nd7 12. Qd2 Nf6 13. O-O-O f4 14. Bf2 Bd7 15. Qe2 Qa5 16. Nd2 Rfb8 17. Nb3 Qc7 18. Kb1 b5 19. cxb5 axb5 20. Nxb5 Bxb5 21. Bxb5 Qa7 22. a3 Rb6 23. Ka2 Rab8 24. Bc4 Qb7 25. Qc2 Nc8 26. Be1 Na7 27. Ba5 Rxb3 28. Qxb3 Qc8 29. Qa4 Nd7 30. Rd3 Ra8 31. Rb3 Bf6 32. Bb6 Nxb6 33. Rxb6 Bd8 34. Ra6 Qb7 35. b3 Bb6 36. Rb1 Rb8 37. Rb2 Nc8 38. Qc6 Qe7 39. Ra8 Rxa8 40. Qxa8 Qc7 41. Ba6 1-0


[Site "https://www.chess.com"]

[Event "Titled Tuesday Blitz March 28 Early 2023"]
[White "Vallejo Diaz, Javier"]
[Black "Lorenzo De La Riva, Lazaro"]
[WhiteFideId "2256398"]
[BlackFideId "2268809"]
[WhiteElo "2498"]
[BlackElo "2294"]
[Result "1-0"]
[Round "07"]
[TimeControl "180+2"]
[Date "2023.03.28"]
[WhiteClock "0:00:51"]
[BlackClock "0:00:18"]

1. e4 c6 2. d4 d5 3. Nd2 dxe4 4. Nxe4 Nd7 5. Nf3 Ngf6 6. Nxf6+ Nxf6 7. Ne5 Be6 8. Be2 g6 9. O-O Bg7 10. c4 O-O 11. Be3 Qa5 12. a3 Rfd8 13. b4 Qc7 14. Qc2 Nd7 15. f4 Nxe5 16. fxe5 f6 17. exf6 Bxf6 18. Rad1 a5 19. Bf3 axb4 20. axb4 Ra3 21. Rfe1 Rxe3 22. Rxe3 Bf5 23. Qc3 Qf4 24. g3 Qg5 25. Kg2 Bg7 26. Qe1 Bf6 27. d5 Bc2 28. Rd2 Ba4 29. dxc6 Rxd2+ 30. Qxd2 bxc6 31. Qd8+ Kg7 32. Ra3 Bc2 33. Ra8 Qe3 34. Qf8# 1-0


[Site "https://www.chess.com"]

[Event "Titled Tuesday Blitz March 28 Early 2023"]
[White "Reprintsev, Alexander"]
[Black "Buscar, Michael"]
[WhiteFideId "14100541"]
[BlackFideId "2603616"]
[WhiteElo "2229"]
[BlackElo "2010"]
[Result "0-1"]
[Round "07"]
[TimeControl "180+2"]
[Date "2023.03.28"]
[WhiteClock "0:00:48"]
[BlackClock "0:00:38"]

1. e4 c5 2. b3 Nf6 3. e5 Nd5 4. Nc3 Nxc3 5. dxc3 d5 6. exd6 Qxd6 7. Qxd6 exd6 8. Bc4 Be6 9. Bxe6 fxe6 10. Ne2 Nc6 11. Be3 O-O-O 12. O-O-O e5 13. f4 Be7 14. Ng3 Bf6 15. Ne4 Kc7 16. Nxf6 gxf6 17. fxe5 fxe5 18. Rdf1 Rdf8 19. Bh6 Rxf1+ 20. Rxf1 Rd8 21. c4 Rd7 22. c3 Nd8 23. Rf3 Rf7 24. Rg3 Ne6 25. Be3 Kd7 26. Kd2 Ke7 27. Rh3 Rg7 28. g3 Rf7 29. Rh4 Kf6 30. b4 b6 31. a4 a5 32. bxa5 bxa5 33. Rh6+ Ke7 34. Ke2 Nc7 35. Bg5+ Kd7 36. h4 Na8 37. Bd2 Nb6 38. g4 Nxa4 39. g5 Nb6 40. Kd3 a4 41. Bc1 Rf3+ 42. Kc2 Rf7 43. Kd3 e4+ 44. Kxe4 Nxc4 45. h5 Re7+ 46. Kd3 Ne5+ 47. Kc2 Ng4 48. Rf6 Nxf6 49. gxf6 Re2+ 0-1


[Site "https://www.chess.com"]

[Event "Titled Tuesday Blitz March 28 Early 2023"]
[White "Alahakoon, Isuru"]
[Black "Golubev, Mikhail"]
[WhiteFideId "9900993"]
[BlackFideId "14100983"]
[WhiteElo "1995"]
[BlackElo "2374"]
[Result "0-1"]
[Round "07"]
[TimeControl "180+2"]
[Date "2023.03.28"]
[WhiteClock "0:00:38"]
[BlackClock "0:00:02"]

1. Nf3 d6 2. d4 Nf6 3. Nc3 Nbd7 4. e4 e5 5. Bc4 Be7 6. a4 O-O 7. a5 c6 8. O-O Qc7 9. h3 Rb8 10. Be3 b5 11. axb6 axb6 12. Bd3 b5 13. Ne2 c5 14. c3 c4 15. Bc2 b4 16. Ng3 b3 17. Nf5 Re8 18. Nxe7+ Rxe7 19. Bb1 exd4 20. Nxd4 Nc5 21. Bg5 Ncxe4 22. Bxe4 Rxe4 23. Bxf6 gxf6 24. Qf3 d5 25. Qxf6 Rb6 26. Qg5+ Rg6 27. Qxd5 Bxh3 28. Ra8+ Kg7 29. Nf5+ Bxf5 30. Qxf5 Rh4 31. f4 Qc5+ 32. Rf2 Qxf5 0-1


[Site "https://www.chess.com"]

[Event "Titled Tuesday Blitz March 28 Early 2023"]
[White "Skaric, Djuro"]
[Black "Kukula, Pawel"]
[WhiteFideId "934569"]
[BlackFideId "1115081"]
[WhiteElo "2282"]
[BlackElo "2012"]
[Result "1-0"]
[Round "07"]
[TimeControl "180+2"]
[Date "2023.03.28"]
[WhiteClock "0:00:59"]
[BlackClock "0:00:01"]

1. g3 g6 2. Bg2 Bg7 3. d3 Nf6 4. e4 O-O 5. Nc3 c5 6. h3 Nc6 7. f4 d6 8. g4 Bd7 9. Nf3 Rb8 10. a4 a6 11. O-O b5 12. axb5 axb5 13. Ne2 c4 14. Ng3 cxd3 15. cxd3 Qb6+ 16. Kh1 Rfc8 17. g5 Ne8 18. Nh4 d5 19. exd5 Nb4 20. f5 Rc2 21. Bf4 Rbc8 22. Qf3 Rxb2 23. fxg6 fxg6 24. Be3 Qd6 25. Qf7+ Kh8 26. Bd4 e5 27. Bxb2 Nxd3 28. Rab1 Nxb2 29. Rxb2 e4 30. Rb3 e3 31. Rxe3 Nc7 32. Re7 Rg8 33. Rxd7 Qxg3 34. Rxc7 Qxh4 35. d6 Be5 36. Qxh7+ Qxh7 37. Rxh7+ Kxh7 38. Rf7+ Rg7 39. d7 Bc7 40. Bd5 Rxf7 41. Bxf7 Kg7 42. Bb3 Kf8 43. Kg2 Ke7 44. Bc2 Kxd7 45. Bxg6 Bd8 46. h4 Ke7 47. Kf3 Kf8 48. Ke4 Kg7 49. Bf5 Be7 50. Ke5 Bf8 51. h5 Kg8 52. Ke6 b4 53. Kf6 b3 54. Kg6 b2 55. Bb1 Kh8 56. Kf7 Bc5 57. h6 1-0


[Site "https://www.chess.com"]

[Event "Titled Tuesday Blitz March 28 Early 2023"]
[White "Rosenberg, Evan S"]
[Black "Baches Garcia, Guillermo"]
[WhiteFideId "2019299"]
[BlackFideId "2209764"]
[WhiteElo "2321"]
[BlackElo "2458"]
[Result "1-0"]
[Round "07"]
[TimeControl "180+2"]
[Date "2023.03.28"]
[WhiteClock "0:00:49"]
[BlackClock "0:00:02"]

1. d4 Nf6 2. Nf3 e6 3. g3 d5 4. Bg2 Be7 5. O-O O-O 6. c4 dxc4 7. Qc2 a6 8. a4 Bd7 9. Qxc4 Bc6 10. Bg5 Nbd7 11. Nc3 h6 12. Bxf6 Nxf6 13. Ne5 Bxg2 14. Kxg2 a5 15. e4 c6 16. Rfd1 Bb4 17. f3 Qb6 18. Rd2 Rad8 19. Rad1 Nd7 20. f4 Nxe5 21. fxe5 Rd7 22. Rd3 Rfd8 23. Ne2 Bf8 24. b3 Qb4 25. Nf4 Qb6 26. d5 cxd5 27. exd5 exd5 28. Nxd5 Rxd5 29. Rxd5 Re8 30. Rd7 Qg6 31. Rxb7 Rxe5 32. Rdd7 Rf5 33. Rb8 Qf6 34. Qd4 1-0


[Site "https://www.chess.com"]

[Event "Titled Tuesday Blitz March 28 Early 2023"]
[White "Vafin, Ayrat"]
[Black "EdmundPlayer"]
[WhiteFideId "4146530"]
[WhiteElo "2317"]
[BlackElo "2235"]
[Result "1-0"]
[Round "07"]
[TimeControl "180+2"]
[Date "2023.03.28"]
[WhiteClock "0:01:10"]
[BlackClock "0:00:30"]

1. Nf3 d5 2. g3 g6 3. Bg2 Bg7 4. d4 Nf6 5. O-O O-O 6. Nbd2 c5 7. dxc5 Nc6 8. Rb1 e5 9. b4 Qc7 10. e3 Re8 11. c4 d4 12. exd4 Nxd4 13. Nxd4 exd4 14. Bb2 Bf5 15. Rc1 Rad8 16. Re1 Rxe1+ 17. Qxe1 Bd3 18. Nb3 Re8 19. Qd1 Be2 20. Qxd4 Nh5 21. Qd2 Bxb2 22. Qxb2 Ng7 23. Nd4 Bg4 24. Nb5 Qe7 25. h3 Be2 26. Nd6 Rd8 27. Re1 Ne6 28. Qxe2 b6 29. Nb7 Rd4 30. cxb6 axb6 31. Bd5 Kg7 32. Bxe6 Qxb7 33. Qe5+ 1-0


[Site "https://www.chess.com"]

[Event "Titled Tuesday Blitz March 28 Early 2023"]
[White "Nunez V, Gustavo Eduardo"]
[Black "hsd2016"]
[WhiteFideId "4403690"]
[WhiteElo "2228"]
[BlackElo "1989"]
[Result "1-0"]
[Round "07"]
[TimeControl "180+2"]
[Date "2023.03.28"]
[WhiteClock "0:00:08"]
[BlackClock "0:00:05"]

1. e4 e6 2. d3 d5 3. Nd2 dxe4 4. dxe4 Nf6 5. Ngf3 Nc6 6. c3 Bc5 7. Bb5 Bd7 8. O-O a6 9. Ba4 O-O 10. Qc2 Re8 11. Nb3 Bb6 12. Bg5 h6 13. Bh4 e5 14. Rad1 Qe7 15. Bg3 Bg4 16. Bxc6 Bxf3 17. Bxe8 Bxd1 18. Bxf7+ Kxf7 19. Rxd1 Rf8 20. c4 Nd7 21. Qd3 Nc5 22. Qd5+ Kg6 23. Nxc5 Bxc5 24. a3 Bd4 25. b4 Rd8 26. Rxd4 Rxd5 27. Rxd5 Qg5 28. h4 Qc1+ 29. Kh2 Qxc4 30. Rxe5 Qc3 31. h5+ Kf7 32. Ra5 c6 33. f3 Ke6 34. Re5+ Kd7 35. Ra5 Qd3 36. Rf5 Ke6 37. Re5+ Kf7 38. Rf5+ Kg8 39. Ra5 b6 40. Re5 Qxa3 41. Re8+ Kf7 42. Rc8 Qc3 43. Rc7+ Ke6 44. f4 Qxb4 45. f5+ Kf6 46. Rxc6+ Kg5 47. Rg6+ Kxh5 48. Bf4 Qxe4 49. g4+ Kh4 50. Bg3# 1-0


[Site "https://www.chess.com"]

[Event "Titled Tuesday Blitz March 28 Early 2023"]
[White "Horvath, Dominik"]
[Black "Silvestre, Christian"]
[WhiteFideId "1642561"]
[BlackFideId "30956269"]
[WhiteElo "2407"]
[BlackElo "2370"]
[Result "1-0"]
[Round "07"]
[TimeControl "180+2"]
[Date "2023.03.28"]
[WhiteClock "0:01:45"]
[BlackClock "0:00:52"]

1. b3 c5 2. Bb2 e6 3. d4 cxd4 4. Qxd4 Nc6 5. Qg4 Nf6 6. Qg3 d6 7. Nd2 e5 8. O-O-O Bf5 9. f3 Rc8 10. e4 Be6 11. Bc4 g6 12. Ne2 Bg7 13. Bxe6 fxe6 14. Nc4 d5 15. Nxe5 O-O 16. Nxc6 Rxc6 17. Nd4 Ra6 18. Kb1 dxe4 19. Nxe6 Qa5 20. Nxg7 Qxa2+ 21. Kc1 Kxg7 22. Qc7+ Rf7 23. Rd7 Qxb2+ 24. Kxb2 Rxd7 25. Qe5 exf3 26. gxf3 Rc6 27. c4 a6 28. Re1 Rcd6 29. f4 Kf7 30. f5 gxf5 31. Qxf5 Re7 32. Rxe7+ Kxe7 33. h4 Rc6 34. h5 Kf7 35. h6 Ke7 36. Qg5 Ke6 37. Qg7 b5 38. Qb7 Kd6 39. cxb5 axb5 40. Qxb5 Nd5 41. Qb8+ Rc7 42. Qf8+ Kc6 43. b4 Rb7 44. Qc5+ Kd7 45. Qxd5+ 1-0


[Site "https://www.chess.com"]

[Event "Titled Tuesday Blitz March 28 Early 2023"]
[White "Estremera Panos, Sergio"]
[Black "Zubritskiy, Artyom"]
[WhiteFideId "2200864"]
[BlackFideId "4181247"]
[WhiteElo "2253"]
[BlackElo "2419"]
[Result "0-1"]
[Round "07"]
[TimeControl "180+2"]
[Date "2023.03.28"]
[WhiteClock "0:00:19"]
[BlackClock "0:01:03"]

1. d4 Nc6 2. c4 e5 3. d5 Bb4+ 4. Bd2 Bxd2+ 5. Nxd2 Nce7 6. e4 d6 7. Ngf3 Nh6 8. Bd3 O-O 9. Qc2 Ng6 10. O-O-O a5 11. Nf1 Bg4 12. Ne3 Bxf3 13. gxf3 Nf4 14. Rhg1 Qh4 15. Rg3 Qxh2 16. Rdg1 Qxf2 17. Rxg7+ Kh8 18. Nd1 Qxc2+ 19. Kxc2 Ng6 20. R7xg6 fxg6 21. Be2 Rf4 22. Nc3 Raf8 23. Nb5 R8f7 24. a3 b6 25. b4 axb4 26. axb4 Re7 27. Ra1 Ng8 28. Ra7 Rff7 29. Kd2 Nf6 30. Ke3 Nh5 31. Bd1 Nf4 32. Ba4 h5 33. Bd1 Kg7 34. Rb7 Kf6 35. Be2 h4 36. Kf2 h3 37. Bf1 h2 38. Bg2 Rh7 39. Bh1 Nd3+ 40. Kg3 Nxb4 41. Na7 Na6 42. Nc6 Re8 43. Ra7 Nc5 44. Nb4 Reh8 45. Na6 Nxa6 46. Rxa6 Rh5 47. Ra7 Rg5+ 48. Kf2 Rg1 49. Rxc7 Rxh1 50. Rc6 Rf1+ 51. Kxf1 h1=Q+ 52. Ke2 Rh2+ 0-1


[Site "https://www.chess.com"]

[Event "Titled Tuesday Blitz March 28 Early 2023"]
[White "Shkuran, Danylo"]
[Black "Sai Krishna G V"]
[WhiteFideId "14106248"]
[BlackFideId "5028280"]
[WhiteElo "2427"]
[BlackElo "2359"]
[Result "1/2-1/2"]
[Round "07"]
[TimeControl "180+2"]
[Date "2023.03.28"]
[WhiteClock "0:00:06"]
[BlackClock "0:00:15"]

1. d4 d5 2. Nc3 Nf6 3. Bg5 c5 4. Nf3 Nc6 5. Bxf6 gxf6 6. e3 e6 7. g3 Qb6 8. Rb1 Bd7 9. Bg2 Qa6 10. Bf1 Qa5 11. Bg2 b5 12. O-O b4 13. Ne2 Qxa2 14. Nf4 Qa6 15. dxc5 Bxc5 16. Nxd5 exd5 17. Qxd5 Qb6 18. Nd4 Bxd4 19. exd4 O-O-O 20. Qxf7 Nxd4 21. c3 Ne2+ 22. Kh1 Bc6 23. Qe6+ Kb7 24. Qxe2 Rhe8 25. Qg4 b3 26. Rbd1 Bxg2+ 27. Kxg2 Qc6+ 28. Kg1 a5 29. h4 a4 30. Rfe1 Rxe1+ 31. Rxe1 Rd2 32. Qg7+ Ka6 33. Qxh7 Rxb2 34. Qd3+ Ka5 35. Re4 a3 36. Qd4 Rb1+ 37. Kh2 Qxe4 38. Qxe4 a2 39. Qd5+ Ka6 40. Qc6+ Ka5 41. Qc5+ Ka6 42. Qc6+ Ka7 43. Qc7+ Ka8 44. Qc8+ Ka7 45. Qc7+ Ka6 46. Qc6+ 1/2-1/2


[Site "https://www.chess.com"]

[Event "Titled Tuesday Blitz March 28 Early 2023"]
[White "Sielecki, Christof"]
[Black "Fernandez Siles, Luis"]
[WhiteFideId "4620437"]
[BlackFideId "2209420"]
[WhiteElo "2443"]
[BlackElo "2186"]
[Result "1-0"]
[Round "07"]
[TimeControl "180+2"]
[Date "2023.03.28"]
[WhiteClock "0:00:44"]
[BlackClock "0:00:01"]

1. e4 c5 2. Nf3 Nc6 3. Bb5 g6 4. O-O Bg7 5. Re1 Nf6 6. c3 O-O 7. d4 d5 8. e5 Ne4 9. Be3 Qb6 10. Bxc6 bxc6 11. Qc1 c4 12. Nfd2 Nxd2 13. Nxd2 Bf5 14. b3 Bd3 15. Qa3 e6 16. bxc4 dxc4 17. f3 Rfd8 18. Ne4 Bxe4 19. fxe4 Bf8 20. Qa4 Qb5 21. Qxb5 cxb5 22. Reb1 a6 23. a4 Rdb8 24. axb5 axb5 25. Rxa8 Rxa8 26. Rxb5 Ra3 27. Rb8 Kg7 28. Bg5 Ra1+ 29. Kf2 Ba3 30. Ra8 Bb2 31. Rxa1 Bxa1 32. Bd2 Kf8 33. Ke3 Ke7 34. d5 Kd7 35. Kd4 1-0


[Site "https://www.chess.com"]

[Event "Titled Tuesday Blitz March 28 Early 2023"]
[White "Zeynalli, Rashad"]
[Black "Gutkin, Ilya"]
[WhiteFideId "13403320"]
[BlackFideId "16203470"]
[WhiteElo "2125"]
[BlackElo "2265"]
[Result "0-1"]
[Round "07"]
[TimeControl "180+2"]
[Date "2023.03.28"]
[WhiteClock "0:01:49"]
[BlackClock "0:00:52"]

1. d4 e6 2. Bf4 c5 3. e3 Nf6 4. c3 d5 5. Nd2 Bd6 6. Bg3 Nc6 7. Ngf3 Qe7 8. Ne5 Nd7 9. Ndf3 Ndxe5 10. dxe5 Bc7 11. Bd3 Bd7 12. h4 O-O-O 13. h5 f6 14. exf6 gxf6 15. Bxc7 Kxc7 16. e4 d4 17. cxd4 cxd4 18. Rc1 e5 19. Qa4 Kb8 20. O-O Rhg8 21. Rfd1 Nb4 22. Qa3 Bg4 23. Bf1 d3 24. Nh4 Bxd1 25. Rxd1 d2 26. Qc3 Nc6 27. Rxd2 Rxd2 28. Qxd2 Nd4 29. Nf5 Nf3+ 30. Kh1 Nxd2 31. Nxe7 Re8 0-1


[Site "https://www.chess.com"]

[Event "Titled Tuesday Blitz March 28 Early 2023"]
[White "Jiganchine, Roman"]
[Black "Yedidia, Daniel"]
[WhiteFideId "2603667"]
[BlackFideId "30905907"]
[WhiteElo "2332"]
[BlackElo "2532"]
[Result "1-0"]
[Round "07"]
[TimeControl "180+2"]
[Date "2023.03.28"]
[WhiteClock "0:00:16"]
[BlackClock "0:00:03"]

1. e4 e5 2. Nf3 Nc6 3. Nc3 Nf6 4. Bb5 Nd4 5. O-O Nxb5 6. Nxb5 c6 7. Nc3 d6 8. d4 Qc7 9. Bg5 Be7 10. h3 O-O 11. a4 h6 12. Bxf6 Bxf6 13. d5 g6 14. Qd3 Bg7 15. Rfd1 c5 16. Nd2 a6 17. a5 Bd7 18. Nc4 Bb5 19. Nxb5 axb5 20. Nb6 c4 21. Nxa8 Rxa8 22. Qc3 f5 23. Qb4 Qd7 24. b3 cxb3 25. cxb3 fxe4 26. Qxe4 Rf8 27. g3 Qxh3 28. Qxg6 Rf6 29. Qe4 Rf5 30. a6 bxa6 31. Rxa6 Qh5 32. Ra8+ Bf8 33. Rc1 Rf6 34. Kg2 Qf7 35. Rcc8 Rxf2+ 36. Kh3 Qg7 37. Qg4 Qxg4+ 38. Kxg4 Kg7 39. Ra7+ Kg6 40. Raa8 Be7 41. Rg8+ Kf7 42. Rh8 Rf6 43. Rh7+ Kg6 44. Rxe7 h5+ 45. Kh3 1-0


[Site "https://www.chess.com"]